 Dungeon Crawl Stone Soup version 0.22.0-60-ga52c2fcf6e (webtiles) character file.

324 MaCx the Skirmisher (level 6, 0/58 HPs)
             Began as a Hill Orc Fighter on Sept 11, 2018.
             Slain by a bullfrog (5 damage)
             ... on level 4 of the Dungeon.
             The game lasted 00:13:52 (5425 turns).

MaCx the Skirmisher (Hill Orc Fighter)              Turns: 5425, Time: 00:13:52

Health: 0/58       AC: 12    Str: 25    XL:     6   Next: 48%
Magic:  6/6        EV:  4    Int:  8    God:
Gold:   130        SH:  9    Dex: 11    Spells: 5/5 levels left

rFire    . . .     SeeInvis .   a - +0 war axe
rCold    . . .     Gourm    .   c - +0 shield
rNeg     . . .     Faith    .   v - +0 plate armour
rPois    .         Spirit   .   (no helmet)
rElec    .         Reflect  .   l - +0 cloak
rCorr    .         Harm     .   (no gloves)
MR       .....                  (no boots)
Stlth    ..........             (no amulet)
HPRegen  0.19/turn              (no ring)
MPRegen  0.10/turn              (no ring)

@: mighty
A: no striking features
a: no special abilities


You were on level 4 of the Dungeon.
You were hungry.

You visited 1 branch of the dungeon, and saw 4 of its levels.

You collected 130 gold pieces.

Inventory:

Hand Weapons
 a - a +0 war axe (weapon)
Missiles
 j - 3 tomahawks (quivered)
 q - 33 poisoned needles
 s - 62 stones
Armour
 c - a +0 shield (worn)
 l - a +0 cloak (worn)
 v - a +0 plate armour (worn)
Jewellery
 x - an uncursed ring of stealth {unknown}
Wands
 r - a wand of polymorph (1)
Scrolls
 g - 2 scrolls of identify {unknown}
 h - a scroll of noise {unknown}
 i - a scroll of magic mapping {unknown}
 k - 3 scrolls of immolation {unknown}
 n - a scroll of fog {unknown}
 o - 2 scrolls of remove curse {unknown}
 p - a scroll of enchant weapon {unknown}
 u - a scroll of teleportation {unknown}
 y - a scroll of amnesia {unknown}
Potions
 e - a potion of invisibility
 m - 2 potions of magic {unknown}
 t - 2 potions of curing
 w - a potion of haste {unknown}
Comestibles
 f - 7 rations


   Skills:
 + Level 6.5 Fighting
 + Level 6.4 Axes
 - Level 3.2 Armour
 - Level 3.2 Shields


You had 5 spell levels left.
You didn't know any spells.
Your spell library was empty.

Dungeon Overview and Level Annotations

Branches:
Dungeon (4/15)
 Temple: D:4-7

Altars:
Hepliaklqana
Qazlal
Wu Jian

Annotations:
D:2 exclusion: downstairs
D:3 Grinder


Message History

Found 28 stones.
It was a potion of curing.
You feel better. The bullfrog hits you.
* * * LOW HITPOINT WARNING * * *
The bullfrog hits you but does no damage.
You hit the bullfrog.
The bullfrog is severely wounded.
The bullfrog hits you.
* * * LOW HITPOINT WARNING * * *
The bullfrog hits you.
* * * LOW HITPOINT WARNING * * *
You feel very mighty all of a sudden. The bullfrog hits you.
* * * LOW HITPOINT WARNING * * *
Your shield and plate armour prevent you from hitting the bullfrog.
The bullfrog is heavily wounded.
The bullfrog barely misses you. You block the bullfrog's attack.
You closely miss the bullfrog.
The bullfrog is heavily wounded.
The bullfrog hits you.
You die...

#.(. +.. ..# #.. ..#
#.. ..# ###+###.##.##
............###
...............
........@..#
##.###....F.######..
#... #..........<#.#
##....#...........#.#
......#...........#.#
..............)...#.#
......#.............##
........######.......##
........######.###....#


You could see a bullfrog.

Vanquished Creatures
  A phantom (D:2)
  A hound (D:4)
  Crazy Yiuf (D:2)
  An iguana (D:3)
  A hound skeleton (D:4)
  3 gnolls (D:2)
  2 adders
  An ooze (D:3)
  2 worms (D:2)
  5 orcs (D:2)
  9 bats
  5 giant cockroaches
  9 goblins
  9 hobgoblins
  3 jackals
  3 ball pythons
  5 frilled lizards
  12 kobolds
  5 rats
78 creatures vanquished.

Notes
Turn   | Place    | Note
-------+----------+-------------------------------------------
     0 | D:1      | MaCx the Hill Orc Fighter began the quest for the Orb.
     0 | D:1      | Reached XP level 1. HP: 19/19 MP: 1/1
   226 | D:1      | Reached XP level 2. HP: 18/27 MP: 2/2
  1093 | D:1      | Reached XP level 3. HP: 32/34 MP: 3/3
  2106 | D:2      | Found a runed door.
  2273 | D:2      | Reached XP level 4. HP: 40/41 MP: 4/4
  3367 | D:2      | Noticed Crazy Yiuf
  3387 | D:2      | Killed Crazy Yiuf
  3387 | D:2      | Reached skill level 5 in Fighting
  3486 | D:3      | Noticed Grinder
  3487 | D:3      | Paralysed by Grinder for 2 turns
  3505 | D:3      | Noticed a phantom
  3754 | D:2      | Reached skill level 5 in Axes
  3861 | D:2      | Killed a phantom
  3861 | D:2      | Reached XP level 5. HP: 23/50 MP: 5/5
  4161 | D:2      | Reached XP level 6. HP: 36/57 MP: 6/6
  4610 | D:3      | Paralysed by Grinder for 7 turns
  4691 | D:3      | Found an ornate altar of the Wu Jian Council.
  4693 | D:3      | Found a hazy altar of Hepliaklqana.
  4818 | D:3      | Found a stormy altar of Qazlal.
  5105 | D:4      | Noticed a swamp drake
  5105 | D:4      | an iguana changed into a swamp drake
  5106 | D:4      | a swamp drake changed into a hound
  5393 | D:4      | HP: 1/58 [tengu (4)]
  5425 | D:4      | Slain by a bullfrog

Skill      XL: |  1  2  3  4  5  6 |
---------------+-------------------+-----
Axes           | 3 4 5 6 |  6.4
Fighting       | 4 5 6 |  6.5
Armour         | |  3.2
Shields        | |  3.2

Action                   |  1- 3 |  4- 6 || total
-------------------------+-------+-------++-------
Melee: War axe           |   151 |   180 ||   331
       Unarmed           |       |     1 ||     1
Evoke: Wand              |       |     5 ||     5
  Use: Potion            |       |     2 ||     2
  Eat: Chunk             |     4 |    10 ||    14
Armor: Scale mail        |    79 |    65 ||   144
       Skin              |       |    12 ||    12
       Plate armour      |       |    27 ||    27
Dodge: Dodged            |    52 |    60 ||   112
Block: Shield            |    78 |   103 ||   181
